 Dungeon Crawl Stone Soup version 0.17.1-2-g5865329 (webtiles) character file.

8722 Clownie the Basher (level 11, 0/71 HPs)
             Began as a Black Draconian Gladiator on Feb 3, 2016.
             Was an Elder of Kikubaaqudgha.
             Slain by an orc priest
             ... wielding a +2 whip of freezing
              (4 damage)
             ... on level 12 of the Dungeon.
             The game lasted 00:16:05 (11372 turns).

Clownie the Basher (Black Draconian Gladiator)     Turns: 11372, Time: 00:16:05

Health: 0/71       AC:  8    Str: 23    XL:     11   Next: 13%
Magic:  11/11      EV: 16    Int:  9    God:    Kikubaaqudgha [****..]
Gold:   411        SH:  0    Dex:  9    Spells: 1 memorised, 7 levels left

rFire  . . .     SeeInvis .     b - +1 whip (drain)
rCold  . . .     Clarity  +     (armour unavailable)
rNeg   . . .     SustAt   +     (no shield)
rPois  .         Gourm    .     h - +0 hat
rElec  +         Spirit   .     y - +0 cloak
rCorr  .         Warding  .     B - +2 pair of gloves {Str+3}
rMut   .         Stasis   .     C - +0 pair of boots
MR     .....                    (no amulet)
Stlth  +.........               l - +4 ring of protection
                                f - ring of sustain attributes

@: mighty, short of breath, corroded equipment, not resistant to hostile
enchantments, very unstealthy
A: breathe lightning, unfitting armour, antennae 1, talons 1, clarity, clumsy 1,
dopey 1, frail 1, sense surroundings 1, electricity resistance, weak 2,
cold-blooded, AC +7
a: Breathe Lightning, Receive Corpses, Renounce Religion


You were on level 12 of the Dungeon.
You worshipped Kikubaaqudgha.
Kikubaaqudgha was greatly pleased with you.
You were near starving.

You visited 1 branch of the dungeon, and saw 12 of its levels.
You also visited: Sewer.

You collected 647 gold pieces.
You spent 236 gold pieces at shops.

Inventory:

Hand Weapons
 a - a +2 whip of freezing
 b - a +1 whip of draining (weapon)
Armour
 h - a +0 hat (worn)
 y - a +0 cloak (worn)
 B - a +2 pair of gloves of strength (worn)
 C - a +0 pair of boots (worn)
Jewellery
 f - a ring of sustain attributes (left hand)
 l - a +4 ring of protection (right hand)
Scrolls
 e - a scroll of fear
 j - a scroll of blinking {unknown}
 o - 4 scrolls of remove curse
 p - 2 scrolls of enchant weapon
 s - 4 scrolls of identify
 u - 2 scrolls of teleportation
 v - 3 scrolls of magic mapping
 x - 2 scrolls of immolation
 z - 2 scrolls of amnesia
 A - 2 scrolls of fog
 E - a scroll of enchant armour {unknown}
 P - a scroll of torment {unknown}
 Q - a scroll of silence {unknown}
Potions
 n - a potion of agility
 r - a potion of might
 t - 2 potions of lignification {unknown}
 w - 5 potions of flight
 D - a potion of cure mutation {unknown}
 F - 3 potions of magic {unknown}
 H - a potion of brilliance {unknown}
 I - 2 potions of haste {unknown}
 K - 2 potions of resistance {unknown}
 L - a potion of degeneration {unknown}
Books
 m - Kikubaaqudgha's Handbook of Dark Rites
   (Kikubaaqudgha gifted it to you on level 2 of the Dungeon)

   Spells                             Type                      Level
   a - Animate Skeleton               Necromancy                   1
   b - Corpse Rot                     Necromancy                   2
   c - Sublimation of Blood           Necromancy                   2
   d - Vampiric Draining              Necromancy                   3
   e - Control Undead                 Necromancy                   4
 G - Kikubaaqudgha's Disquisition on Dark Arts
   (Kikubaaqudgha gifted it to you in a sewer)

   Spells                             Type                      Level
   a - Animate Dead                   Necromancy                   4
   b - Excruciating Wounds            Charms/Necromancy            5
   c - Bolt of Draining               Conjuration/Necromancy       5
   d - Dispel Undead                  Necromancy                   5
   e - Simulacrum                     Ice/Necromancy               6
 M - a book of Ice

   Spells                             Type                      Level
   a - Ice Form                       Ice/Transmutation            4
   b - Metabolic Englaciation         Hexes/Ice                    5
   c - Ozocubu's Refrigeration        Ice                          6
   d - Bolt of Cold                   Conjuration/Ice              6
   e - Freezing Cloud                 Conjuration/Ice/Air          6
   f - Simulacrum                     Ice/Necromancy               6
 O - a Young Poisoner's Handbook

   Spells                             Type                      Level
   a - Sting                          Conjuration/Poison           1
   b - Cure Poison                    Poison                       2
   c - Mephitic Cloud                 Conjuration/Poison/Air       3
   d - Olgreb's Toxic Radiance        Poison                       4
   e - Venom Bolt                     Conjuration/Poison           5
Comestibles
 d - 10 bread rations
 k - 4 meat rations
 J - 2 slices of pizza


   Skills:
 - Level 2.1 Fighting
 + Level 12.3 Maces & Flails
 - Level 1.7 Throwing
 + Level 11.5 Dodging


You had 7 spell levels left.
You knew the following spells:

 Your Spells              Type           Power        Failure   Level  Hunger
a - Vampiric Draining     Necr           #.........   94%         3    ####...


Dungeon Overview and Level Annotations

Branches:
Dungeon (12/15)            Temple (0/1) D:4            Lair (0/8) D:11
    Orc: D:9-12

Altars:
Ashenzari
Cheibriados
Dithmenos
Elyvilon
Gozag
Kikubaaqudgha
Okawaru
Ru
Xom
Zin

Shops:
D:5 [   D:7 =   D:8 :

Annotations:
D:11 Sonja


Innate Abilities, Weirdness & Mutations

You can breathe wild blasts of lightning.
Your glossy black scales are hard (AC +7).
Your body does not fit into most forms of armour.
You are resistant to electric shocks.
You are cold-blooded and may be slowed by cold attacks.
You have a pair of small antennae on your head.
You have sharp toenails.
You possess an exceptional clarity of mind.
You are clumsy. (Dex -2)
You are dopey. (Int -2)
You are frail (-10% HP).
You passively map a small area around you.
You are very weak. (Str -4)


Message History

The orc priest calls down the wrath of Beogh upon you.
Something smites you!
* * * LOW HITPOINT WARNING * * *
The orc priest calls upon Beogh to heal the orc priest.
The orc priest is healed somewhat.
Unknown command.
Unknown command.
Unknown command.
Unknown command.
Unknown command.
Unknown command.
Unknown command.
Unknown command.
Unknown command.
Drink which item? (? for menu, Esc to quit)
It was a potion of ambrosia.
You feel momentarily confused.
You feel briefly invigorated. The orc hits you but does no damage.
The orc priest hits you with a whip of freezing.
You die...
Kikubaaqudgha rasps: "You have failed me!
Welcome... death!"

#)# #.# ,
#.# * #.# *
#.# > #.# *
#.# * #.#
#####+#####
#.o@o..$...
,
#.)o.......
,
+..o.......
#..........
*
#........(.
#..........
#..........
#..........
* ,


You could see 2 orc priests, an orc wizard and an orc.

Vanquished Creatures
  Maud (D:10)
  The ghost of Starbucks the Fighter, a novice DsFi of Ashenzari (D:11)
  A hill giant (D:10)
  4 trolls
  A two-headed ogre (D:10)
  A deep elf mage (D:9)
  A spriggan (D:7)
  3 yaks (D:10)
  The ghost of nataq the Skirmisher, an amateur DsFi of Cheibriados (D:7)
  A hippogriff (D:8)
  A mottled dragon (D:11)
  2 hungry ghosts
  A water moccasin (D:9)
  An eye of draining (D:8)
  4 orc warriors
  3 phantoms
  An ice beast (D:6)
  2 ogres
  5 big kobolds
  5 sky beasts
  2 centaurs
  2 giant frogs (D:10)
  5 killer bees
  2 scorpions
  4 wights (D:10)
  A hound (D:6)
  3 centaur skeletons
  6 crimson imps
  A giant frog zombie (D:6)
  A quasit (D:10)
  5 orc priests
  Ijyb (D:2)
  A centaur zombie (D:8)
  An iguana (D:6)
  Jessica (D:2)
  7 worker ants
  4 orc wizards
  A killer bee zombie (D:10)
  2 hound skeletons
  A worker ant zombie (D:7)
  7 gnolls
  2 river rats (Sewer)
  7 adders
  2 shadow imps
  An ooze (Sewer)
  7 worms
  An adder skeleton (D:9)
  24 orcs
  A ball python (D:5)
  8 bats
  5 giant cockroaches
  12 goblins
  6 hobgoblins
  31 kobolds
  3 quokkas
  9 giant geckos
  A giant gecko skeleton (D:6)
  4 giant newts
  15 jackals
  A quokka zombie (D:5)
  17 rats
255 creatures vanquished.

Notes
Turn   | Place    | Note
--------------------------------------------------------------
     0 | D:1      | Clownie the Draconian Gladiator began the quest for the Orb.
     0 | D:1      | Reached XP level 1. HP: 17/17 MP: 1/1
   197 | D:1      | Reached XP level 2. HP: 7/24 MP: 2/2
   876 | D:2      | Found a faded altar to an unknown god.
   899 | D:2      | Became a worshipper of Kikubaaqudgha
   899 | D:2      | Reached * piety under Kikubaaqudgha
   899 | D:2      | Received a gift from Kikubaaqudgha
  1052 | D:2      | Identified Kikubaaqudgha's Handbook of Dark Rites (Kikubaaqudgha gifted it to you on level 2 of the Dungeon)
  1079 | D:2      | Noticed Jessica
  1088 | D:2      | Killed Jessica
  1088 | D:2      | Reached XP level 3. HP: 22/29 MP: 3/3
  1099 | D:2      | Reached skill level 4 in Maces & Flails
  1240 | D:2      | Found a shattered altar of Ashenzari.
  1263 | D:2      | Reached XP level 4. HP: 34/36 MP: 4/4
  1527 | D:2      | Noticed Ijyb
  1550 | D:2      | Killed Ijyb
  1786 | D:2      | Found a shimmering altar of Xom.
  2154 | D:3      | Reached XP level 5. HP: 36/41 MP: 5/5
  2165 | D:3      | Reached ** piety under Kikubaaqudgha
  2197 | D:3      | Learned a level 3 spell: Vampiric Draining
  2540 | D:3      | Found a snail-covered altar of Cheibriados.
  2589 | D:3      | Found an opulent altar of Gozag.
  2830 | D:3      | Reached skill level 5 in Maces & Flails
  3280 | D:4      | Found a staircase to the Ecumenical Temple.
  3452 | D:4      | Found a glowing silver altar of Zin.
  3454 | D:4      | Found an iron altar of Okawaru.
  3748 | D:4      | Found a shadowy altar of Dithmenos.
  3906 | D:5      | Entered Level 5 of the Dungeon
  3996 | D:5      | Reached XP level 6. HP: 23/48 MP: 6/6
  4019 | D:5      | Reached skill level 5 in Dodging
  4238 | D:5      | Found Jinang's Armour Emporium.
  4241 | D:5      | Bought a +2 pair of gloves of strength for 236 gold pieces
  4609 | D:5      | Noticed a centaur
  4613 | D:5      | Killed a centaur
  4756 | D:6      | Found a glowing drain.
  4778 | Sewer    | Entered a sewer
  4900 | Sewer    | Reached *** piety under Kikubaaqudgha
  4900 | Sewer    | Received a gift from Kikubaaqudgha
  4915 | Sewer    | Identified Kikubaaqudgha's Disquisition on Dark Arts (Kikubaaqudgha gifted it to you in a sewer)
  4953 | Sewer    | Reached skill level 6 in Maces & Flails
  4956 | Sewer    | Your scales start taking on a glossy black colour.
  4956 | Sewer    | Gained mutation: You are resistant to electric shocks. [Black Draconian growth]
  4956 | Sewer    | Reached XP level 7. HP: 55/55 MP: 7/7
  5244 | D:6      | Found a sacrificial altar of Ru.
  5557 | D:6      | Reached skill level 7 in Maces & Flails
  5813 | D:6      | Reached XP level 8. HP: 61/61 MP: 8/8
  6158 | D:7      | Noticed nataq's ghost (amateur DsFi)
  6197 | D:7      | Found Cixurghi's Jewellery Boutique.
  6327 | D:7      | Reached skill level 8 in Maces & Flails
  6397 | D:8      | Gained mutation: You possess an exceptional clarity of mind. [mutagenic meat]
  6398 | D:8      | Gained mutation: You are dopey. (Int -2) [mutagenic meat]
  6399 | D:8      | Gained mutation: You passively map a small area around you. [mutagenic meat]
  6400 | D:8      | Gained mutation: You have sharp toenails. [mutagenic meat]
  6456 | D:7      | Killed nataq's ghost
  6766 | D:7      | Reached skill level 9 in Maces & Flails
  6766 | D:7      | Reached XP level 9. HP: 49/67 MP: 9/9
  7232 | D:8      | Found Dashrugag's Book Shop.
  7342 | D:8      | Reached **** piety under Kikubaaqudgha
  7661 | D:8      | Found a white marble altar of Elyvilon.
  8170 | D:9      | Gained mutation: You are weak. (Str -2) [mutagenic meat]
  8171 | D:9      | Gained mutation: You have a pair of small antennae on your head. [mutagenic meat]
  8172 | D:9      | Gained mutation: You are frail (-10% HP). [mutagenic meat]
  8310 | D:9      | Reached skill level 10 in Maces & Flails
  8996 | D:10     | Entered Level 10 of the Dungeon
  8996 | D:10     | Noticed a hill giant
  9013 | D:10     | Reached XP level 10. HP: 36/65 MP: 10/10
  9028 | D:10     | Killed a hill giant
  9028 | D:10     | Reached skill level 10 in Dodging
  9033 | D:10     | Gained mutation: You are clumsy. (Dex -2) [mutagenic meat]
  9171 | D:10     | Reached skill level 11 in Maces & Flails
  9188 | D:10     | Noticed Maud
  9250 | D:10     | Killed Maud
  9829 | D:10     | Reached skill level 12 in Maces & Flails
 10344 | D:11     | Reached XP level 11. HP: 66/71 MP: 11/11
 10345 | D:11     | Noticed Starbucks's ghost (novice DsFi)
 10417 | D:11     | Noticed Sonja
 10430 | D:11     | Killed Starbucks's ghost
 11297 | D:12     | Gained mutation: You are very weak. (Str -4) [mutagenic meat]
 11328 | D:12     | Noticed a hill giant
 11372 | D:12     | Slain by an orc priest

Action                   |  1- 3 |  4- 6 |  7- 9 | 10-12 || total
-------------------------+-------+-------+-------+-------++-------
Melee: Flail             |     7 |       |       |       ||     7
       Whip              |    83 |   363 |   732 |   475 ||  1653
Throw: Throwing net      |       |       |     3 |     3 ||     6
 Abil: Breathe Lightning |       |       |    16 |    15 ||    31
  Use: Scroll            |       |     6 |     5 |     6 ||    17
       Potion            |       |       |     2 |    16 ||    18
 Stab: Sleeping          |     1 |       |     1 |     1 ||     3
       Distracted        |       |       |       |     1 ||     1
  Eat: Chunk             |     1 |    12 |    23 |    17 ||    53
       Royal jelly       |       |       |     1 |       ||     1
       Pizza             |       |       |       |     2 ||     2
       Bread ration      |       |       |       |     2 ||     2
